2944 views
Uploaded 2020-02-08 06:56:23
Game version 1.32 / 1.32.1
60:32 long 3on3 ladder game on (6)UpperKingdom
Saved by BEARAND
2944 views
Uploaded 2020-02-08 06:56:23
Game version 1.32 / 1.32.1
60:32 long 3on3 ladder game on (6)UpperKingdom


279 units @ 42.5k
/ 7.4k
99 buildings @ 11k
/ 5.2k


| Scroll of Regeneration | 6 | 600 |
| Lesser Clarity Potion | 6 | 420 |
| Potion of Healing | 2 | 300 |
| Potion of Mana | 1 | 200 |
| Scroll of Town Portal | 3 | 1050 |
| total: | 18 | 2570g |
| Peasant | 39 | 2925 | / | 0 |
| Footman | 11 | 1485 | / | 0 |
| Priest | 12 | 1620 | / | 120 |
| Knight | 22 | 5390 | / | 1320 |
| Dragonhawk Rider | 11 | 2200 | / | 330 |
| Spell Breaker | 15 | 3225 | / | 450 |
| Rifleman | 1 | 205 | / | 30 |
| total: | 111 | 17050g | / | 2250w |
| Scout Tower | 16 | 480 | / | 320 |
| Arcane Tower | 5 | 350 | / | 250 |
| Guard Tower | 4 | 280 | / | 200 |
| Farm | 14 | 1120 | / | 280 |
| Barracks | 2 | 320 | / | 120 |
| Altar of Kings | 2 | 360 | / | 100 |
| Lumber Mill | 1 | 120 | / | 0 |
| Arcane Vault | 2 | 260 | / | 60 |
| Blacksmith | 1 | 140 | / | 60 |
| Town Hall | 4 | 1540 | / | 820 |
| Arcane Sanctum | 2 | 300 | / | 280 |
| Gryphon Aviary | 2 | 280 | / | 300 |
| Keep | 1 | 320 | / | 210 |
| Castle | 1 | 360 | / | 210 |
| total: | 46 | 4920g | / | 2340w |
| 0:04 | Peasant |
| 0:04 | Peasant |
| 0:04 | Peasant |
| 0:33 | Farm |
| 0:37 | Farm |
| 0:38 | Barracks |
| 0:42 | Altar of Kings |
| 0:44 | Altar of Kings |
| 0:47 | Peasant |
| 0:53 | Peasant |
| 1:06 | Peasant |
| 1:06 | Peasant |
| 1:24 | Lumber Mill |
| 1:31 | Peasant |
| 1:43 | Footman |
| 2:01 | Footman |
| 2:07 | Scout Tower |
| 2:10 | Farm |
| 2:12 | Farm |
| 2:26 | Footman |
| 2:33 | Arcane Tower |
| 2:36 | Arcane Vault |
| 2:40 | Arcane Vault |
| 2:52 | Holy Light |
| 2:55 | Footman |
| 3:00 | Farm |
| 3:21 | Footman |
| 3:43 | Blacksmith |
| 3:46 | Footman |
| 3:55 | Farm |
| 3:59 | Devotion Aura |
| 4:18 | Scroll of Regeneration |
| 4:18 | Lesser Clarity Potion |
| 4:35 | Defend |
| 4:53 | Scout Tower |
| 4:58 | Keep |
| 5:11 | Iron Plating |
| 5:25 | Guard Tower |
| 5:27 | Footman |
| 5:39 | Farm |
| 5:57 | Footman |
| 5:58 | Iron Forged Swords |
| 6:24 | Town Hall |
| 6:43 | Devotion Aura |
| 7:05 | Footman |
| 7:06 | Footman |
| 7:19 | Castle |
| 7:20 | Improved Lumber Harvesting |
| 7:27 | Scroll of Regeneration |
| 7:47 | Arcane Sanctum |
| 8:42 | Footman |
| 8:44 | Steel Plating |
| 8:50 | Lesser Clarity Potion |
| 8:52 | Scroll of Regeneration |
| 9:03 | Priest |
| 9:03 | Priest |
| 9:11 | Steel Forged Swords |
| 9:30 | Peasant |
| 9:30 | Peasant |
| 9:30 | Peasant |
| 9:49 | Holy Light |
| 9:56 | Animal War Training |
| 10:15 | Priest |
| 10:15 | Priest Adept Training |
| 10:31 | Scroll of Regeneration |
| 10:33 | Lesser Clarity Potion |
| 10:47 | Knight |
| 10:48 | Mithril Plating |
| 10:52 | Peasant |
| 10:54 | Peasant |
| 10:58 | Improved Masonry |
| 11:13 | Scout Tower |
| 11:56 | Guard Tower |
| 12:02 | Town Hall |
| 12:12 | Farm |
| 12:14 | Knight |
| 12:14 | Knight |
| 12:15 | Knight |
| 12:23 | Advanced Lumber Harvesting |
| 12:24 | Gryphon Aviary |
| 13:01 | Gryphon Aviary |
| 13:04 | Farm |
| 13:25 | Priest |
| 13:28 | Peasant |
| 13:28 | Peasant |
| 13:41 | Scout Tower |
| 13:44 | Knight |
| 13:47 | Priest |
| 13:47 | Priest |
| 14:13 | Scout Tower |
| 14:14 | Guard Tower |
| 14:44 | Guard Tower |
| 15:00 | Peasant |
| 15:00 | Peasant |
| 15:00 | Peasant |
| 15:01 | Peasant |
| 15:04 | Cloud |
| 15:05 | Dragonhawk Rider |
| 15:06 | Dragonhawk Rider |
| 15:14 | Peasant |
| 15:14 | Peasant |
| 15:15 | Peasant |
| 15:31 | Peasant |
| 15:34 | Devotion Aura |
| 15:52 | Farm |
| 16:27 | Dragonhawk Rider |
| 16:47 | Farm |
| 17:11 | Priest Master Training |
| 17:34 | Farm |
| 17:36 | Farm |
| 17:38 | Farm |
| 18:47 | Knight |
| 18:47 | Knight |
| 19:36 | Knight |
| 19:38 | Scroll of Regeneration |
| 19:42 | Lesser Clarity Potion |
| 20:02 | Scroll of Town Portal |
| 20:30 | Town Hall |
| 20:32 | Peasant |
| 20:32 | Peasant |
| 20:32 | Peasant |
| 21:04 | Knight |
| 21:04 | Knight |
| 21:07 | Mithril Forged Swords |
| 22:28 | Knight |
| 22:28 | Knight |
| 22:28 | Knight |
| 22:28 | Knight |
| 22:36 | Resurrection |
| 23:46 | Priest |
| 23:46 | Priest |
| 23:46 | Priest |
| 23:47 | Dragonhawk Rider |
| 23:47 | Dragonhawk Rider |
| 23:48 | Dragonhawk Rider |
| 23:48 | Dragonhawk Rider |
| 24:48 | Spell Breaker |
| 24:50 | Priest |
| 24:55 | Peasant |
| 24:56 | Peasant |
| 24:56 | Peasant |
| 25:25 | Rifleman |
| 25:26 | Knight |
| 25:27 | Studded Leather Armor |
| 25:44 | Priest |
| 25:44 | Priest |
| 26:10 | Dragonhawk Rider |
| 26:10 | Dragonhawk Rider |
| 26:54 | Dragonhawk Rider |
| 27:27 | Knight |
| 27:27 | Knight |
| 27:27 | Knight |
| 27:27 | Knight |
| 27:48 | Dragonhawk Rider |
| 28:17 | Barracks |
| 29:08 | Knight |
| 29:46 | Knight |
| 29:46 | Knight |
| 29:55 | Arcane Sanctum |
| 30:12 | Divine Shield |
| 30:27 | Spell Breaker |
| 30:27 | Spell Breaker |
| 30:27 | Spell Breaker |
| 31:04 | Spell Breaker |
| 31:04 | Spell Breaker |
| 31:32 | Scroll of Regeneration |
| 31:34 | Scroll of Town Portal |
| 31:35 | Potion of Healing |
| 31:37 | Lesser Clarity Potion |
| 32:05 | Potion of Healing |
| 32:05 | Potion of Mana |
| 32:09 | Scroll of Town Portal |
| 32:16 | Spell Breaker |
| 33:04 | Spell Breaker |
| 33:51 | Spell Breaker |
| 33:52 | Control Magic |
| 34:17 | Advanced Masonry |
| 34:59 | Spell Breaker |
| 35:00 | Spell Breaker |
| 36:07 | Spell Breaker |
| 37:36 | Peasant |
| 37:51 | Storm Bolt |
| 38:31 | Imbued Masonry |
| 38:39 | Scout Tower |
| 39:04 | Peasant |
| 39:04 | Peasant |
| 39:05 | Peasant |
| 39:07 | Peasant |
| 40:49 | Spell Breaker |
| 40:49 | Spell Breaker |
| 41:20 | Scout Tower |
| 43:16 | Spell Breaker |
| 43:41 | Scout Tower |
| 44:49 | Scout Tower |
| 45:29 | Town Hall |
| 45:40 | Bash |
| 45:53 | Arcane Tower |
| 45:54 | Scout Tower |
| 46:26 | Scout Tower |
| 48:41 | Peasant |
| 48:41 | Peasant |
| 48:41 | Peasant |
| 49:02 | Magic Sentry |
| 49:18 | Peasant |
| 49:18 | Peasant |
| 49:33 | Scout Tower |
| 49:45 | Scout Tower |
| 50:09 | Scout Tower |
| 50:10 | Scout Tower |
| 50:11 | Arcane Tower |
| 50:26 | Arcane Tower |
| 50:33 | Scout Tower |
| 50:41 | Arcane Tower |
| 54:13 | Lesser Clarity Potion |
| Right click | 3347 |
| Select group | 1568 |
| Select | 1178 |
| Build/train/purchase | 358 |
| Use ability | 114 |
| Assign group | 65 |
| Chat | 60 |
| Minimap ping | 23 |
| Item give/drop | 4 |
| Esc | 3 |
| Remove unit | 1 |



| Scroll of Regeneration | 2 | 200 |
| Potion of Healing | 2 | 300 |
| Potion of Mana | 3 | 600 |
| total: | 7 | 1100g |
| Peasant | 42 | 3150 | / | 0 |
| Footman | 4 | 540 | / | 0 |
| Rifleman | 6 | 1230 | / | 180 |
| Dragonhawk Rider | 16 | 3200 | / | 480 |
| Mortar Team | 33 | 5940 | / | 2310 |
| Siege Engine | 12 | 2340 | / | 720 |
| total: | 113 | 16400g | / | 3690w |
| Scout Tower | 11 | 330 | / | 220 |
| Arcane Tower | 5 | 350 | / | 250 |
| Guard Tower | 13 | 910 | / | 650 |
| Barracks | 1 | 160 | / | 60 |
| Altar of Kings | 1 | 180 | / | 50 |
| Farm | 12 | 960 | / | 240 |
| Blacksmith | 1 | 140 | / | 60 |
| Lumber Mill | 1 | 120 | / | 0 |
| Arcane Vault | 1 | 130 | / | 30 |
| Town Hall | 1 | 385 | / | 205 |
| Gryphon Aviary | 2 | 280 | / | 300 |
| Workshop | 3 | 420 | / | 420 |
| Keep | 4 | 1280 | / | 840 |
| Castle | 3 | 1080 | / | 630 |
| total: | 34 | 3105g | / | 1585w |
| 0:07 | Barracks |
| 0:08 | Peasant |
| 0:08 | Peasant |
| 0:17 | Altar of Kings |
| 0:19 | Farm |
| 0:40 | Farm |
| 0:43 | Peasant |
| 1:15 | Peasant |
| 1:16 | Footman |
| 1:16 | Footman |
| 1:16 | Footman |
| 1:37 | Footman |
| 1:56 | Blacksmith |
| 2:02 | Peasant |
| 2:03 | Peasant |
| 2:34 | Lumber Mill |
| 2:43 | Scout Tower |
| 3:00 | Storm Bolt |
| 3:12 | Rifleman |
| 3:12 | Rifleman |
| 3:19 | Scout Tower |
| 3:32 | Peasant |
| 3:32 | Peasant |
| 3:32 | Peasant |
| 3:48 | Peasant |
| 3:48 | Peasant |
| 3:51 | Arcane Tower |
| 3:51 | Arcane Tower |
| 3:55 | Scout Tower |
| 3:59 | Scout Tower |
| 4:03 | Scout Tower |
| 4:13 | Black Gunpowder |
| 4:14 | Refined Gunpowder |
| 4:29 | Farm |
| 4:30 | Farm |
| 4:32 | Peasant |
| 4:32 | Peasant |
| 4:32 | Peasant |
| 4:43 | Guard Tower |
| 4:44 | Guard Tower |
| 5:13 | Rifleman |
| 5:20 | Arcane Vault |
| 6:06 | Rifleman |
| 6:08 | Studded Leather Armor |
| 6:08 | Reinforced Leather Armor |
| 6:13 | Peasant |
| 6:13 | Peasant |
| 6:13 | Peasant |
| 6:30 | Scroll of Regeneration |
| 6:31 | Scroll of Regeneration |
| 6:45 | Scout Tower |
| 6:52 | Scout Tower |
| 6:55 | Rifleman |
| 7:05 | Thunder Clap |
| 7:20 | Guard Tower |
| 7:32 | Keep |
| 7:32 | Keep |
| 8:18 | Town Hall |
| 8:55 | Storm Bolt |
| 9:30 | Farm |
| 9:30 | Farm |
| 9:31 | Farm |
| 9:57 | Rifleman |
| 10:01 | Gryphon Aviary |
| 10:03 | Workshop |
| 10:15 | Potion of Healing |
| 10:16 | Potion of Mana |
| 10:43 | Gryphon Aviary |
| 10:44 | Workshop |
| 10:55 | Improved Lumber Harvesting |
| 11:51 | Peasant |
| 11:51 | Peasant |
| 11:51 | Peasant |
| 11:51 | Peasant |
| 12:19 | Dragonhawk Rider |
| 12:19 | Dragonhawk Rider |
| 12:28 | Dragonhawk Rider |
| 12:28 | Dragonhawk Rider |
| 12:28 | Dragonhawk Rider |
| 12:51 | Castle |
| 12:52 | Castle |
| 13:10 | Peasant |
| 13:10 | Peasant |
| 13:11 | Peasant |
| 13:11 | Peasant |
| 13:32 | Peasant |
| 13:33 | Peasant |
| 13:33 | Peasant |
| 13:53 | Mortar Team |
| 14:07 | Mortar Team |
| 14:08 | Mortar Team |
| 14:08 | Mortar Team |
| 14:08 | Mortar Team |
| 14:35 | Dragonhawk Rider |
| 14:42 | Mortar Team |
| 14:42 | Mortar Team |
| 14:42 | Mortar Team |
| 15:02 | Dragonhawk Rider |
| 15:02 | Dragonhawk Rider |
| 15:02 | Dragonhawk Rider |
| 15:40 | Dragonhawk Rider |
| 15:48 | Peasant |
| 15:48 | Peasant |
| 15:48 | Peasant |
| 15:48 | Peasant |
| 15:58 | Farm |
| 15:58 | Farm |
| 15:58 | Farm |
| 15:58 | Farm |
| 15:59 | Farm |
| 16:39 | Cloud |
| 16:43 | Imbued Gunpowder |
| 17:04 | Thunder Clap |
| 17:11 | Mortar Team |
| 17:17 | Peasant |
| 17:18 | Peasant |
| 17:36 | Scout Tower |
| 17:38 | Scout Tower |
| 17:39 | Peasant |
| 17:39 | Peasant |
| 17:39 | Peasant |
| 18:23 | Dragonhawk Rider |
| 18:23 | Dragonhawk Rider |
| 18:48 | Mortar Team |
| 18:49 | Mortar Team |
| 19:05 | Guard Tower |
| 19:06 | Peasant |
| 19:26 | Scout Tower |
| 19:28 | Scout Tower |
| 20:14 | Guard Tower |
| 20:14 | Guard Tower |
| 20:32 | Mortar Team |
| 20:33 | Fragmentation Shards |
| 20:46 | Peasant |
| 20:46 | Peasant |
| 20:47 | Peasant |
| 20:47 | Peasant |
| 20:48 | Advanced Lumber Harvesting |
| 21:44 | Mortar Team |
| 21:44 | Mortar Team |
| 22:14 | Mortar Team |
| 22:40 | Flame Strike |
| 23:34 | Siege Engine |
| 23:34 | Siege Engine |
| 23:34 | Siege Engine |
| 24:23 | Workshop |
| 24:27 | Siege Engine |
| 24:31 | Iron Plating |
| 24:31 | Steel Plating |
| 25:20 | Siege Engine |
| 25:38 | Mortar Team |
| 25:38 | Mortar Team |
| 25:38 | Mortar Team |
| 25:38 | Mortar Team |
| 25:38 | Mortar Team |
| 26:11 | Siege Engine |
| 26:11 | Siege Engine |
| 26:26 | Mithril Plating |
| 26:27 | Siege Engine |
| 26:27 | Siege Engine |
| 26:28 | Barrage |
| 26:52 | Mortar Team |
| 26:52 | Siege Engine |
| 28:00 | Banish |
| 30:12 | Mortar Team |
| 30:12 | Mortar Team |
| 30:13 | Siege Engine |
| 30:13 | Siege Engine |
| 30:34 | Potion of Mana |
| 30:35 | Potion of Mana |
| 30:35 | Potion of Healing |
| 30:59 | Mortar Team |
| 30:59 | Mortar Team |
| 31:40 | Mortar Team |
| 31:40 | Mortar Team |
| 32:06 | Mortar Team |
| 32:34 | Mortar Team |
| 33:00 | Mortar Team |
| 35:28 | Blizzard |
| 37:27 | Storm Bolt |
| 38:39 | Mortar Team |
| 47:54 | Mortar Team |
| 47:54 | Mortar Team |
| 52:26 | Siphon Mana |
| 57:25 | Dragonhawk Rider |
| 57:25 | Dragonhawk Rider |
| 57:25 | Dragonhawk Rider |
| 57:25 | Dragonhawk Rider |
| Right click | 5125 |
| Select group | 2314 |
| Select | 1178 |
| Misc. action | 342 |
| Build/train/purchase | 245 |
| Use ability | 108 |
| Assign group | 64 |
| Esc | 12 |
| Minimap ping | 6 |
| Chat | 4 |
| Remove unit | 1 |



| Rod of Necromancy | 3 | 450 |
| Orb of Corruption | 1 | 375 |
| Potion of Healing | 6 | 900 |
| Potion of Mana | 1 | 200 |
| total: | 11 | 1925g |
| Acolyte | 19 | 1425 | / | 0 |
| Ghoul | 5 | 600 | / | 0 |
| Crypt Fiend | 15 | 3225 | / | 600 |
| Obsidian Statue | 11 | 2200 | / | 385 |
| Meat Wagon | 2 | 460 | / | 100 |
| Frost Wyrm | 3 | 1155 | / | 360 |
| total: | 55 | 9065g | / | 1445w |
| Nerubian Tower | 1 | 100 | / | 20 |
| Crypt | 2 | 400 | / | 100 |
| Graveyard | 1 | 215 | / | 0 |
| Ziggurat | 9 | 1350 | / | 450 |
| Altar of Darkness | 1 | 180 | / | 50 |
| Tomb of Relics | 2 | 260 | / | 60 |
| Slaughterhouse | 2 | 280 | / | 270 |
| Sacrificial Pit | 1 | 75 | / | 150 |
| Boneyard | 1 | 175 | / | 200 |
| Halls of the Dead | 1 | 320 | / | 210 |
| Black Citadel | 2 | 650 | / | 460 |
| total: | 19 | 2935g | / | 1280w |
| 0:03 | Acolyte |
| 0:08 | Crypt |
| 0:13 | Graveyard |
| 0:19 | Acolyte |
| 0:19 | Acolyte |
| 0:38 | Ziggurat |
| 1:00 | Altar of Darkness |
| 1:09 | Ghoul |
| 1:10 | Ghoul |
| 1:30 | Ziggurat |
| 1:36 | Ghoul |
| 1:36 | Ghoul |
| 1:59 | Tomb of Relics |
| 2:07 | Tomb of Relics |
| 2:12 | Ghoul |
| 2:22 | Nerubian Tower |
| 2:34 | Crypt Fiend |
| 2:34 | Crypt Fiend |
| 2:57 | Crypt Fiend |
| 3:14 | Death Coil |
| 3:16 | Rod of Necromancy |
| 3:49 | Crypt Fiend |
| 4:20 | Ziggurat |
| 4:23 | Crypt Fiend |
| 4:54 | Halls of the Dead |
| 5:16 | Crypt Fiend |
| 5:29 | Ziggurat |
| 5:50 | Unholy Aura |
| 5:52 | Crypt Fiend |
| 6:18 | Ziggurat |
| 6:26 | Crypt Fiend |
| 6:45 | Creature Attack |
| 6:57 | Death Coil |
| 7:26 | Acolyte |
| 7:29 | Slaughterhouse |
| 7:32 | Web |
| 7:44 | Sacrificial Pit |
| 7:54 | Rod of Necromancy |
| 8:29 | Frost Nova |
| 9:19 | Black Citadel |
| 9:57 | Unholy Aura |
| 10:09 | Dark Ritual |
| 10:25 | Ziggurat |
| 10:25 | Ziggurat |
| 10:32 | Obsidian Statue |
| 10:34 | Crypt Fiend |
| 10:56 | Rod of Necromancy |
| 10:59 | Obsidian Statue |
| 11:07 | Crypt Fiend |
| 12:06 | Creature Carapace |
| 12:30 | Ziggurat |
| 12:33 | Ziggurat |
| 12:36 | Destroyer Form |
| 12:39 | Boneyard |
| 13:02 | Acolyte |
| 13:02 | Acolyte |
| 13:02 | Acolyte |
| 13:04 | Acolyte |
| 13:07 | Acolyte |
| 13:17 | Disease Cloud |
| 13:26 | Slaughterhouse |
| 14:52 | Frost Nova |
| 15:07 | Dark Ritual |
| 15:46 | Acolyte |
| 15:47 | Acolyte |
| 15:47 | Acolyte |
| 15:48 | Acolyte |
| 15:49 | Acolyte |
| 16:26 | Meat Wagon |
| 17:00 | Improved Creature Attack |
| 17:01 | Crypt Fiend |
| 17:24 | Frost Wyrm |
| 17:29 | Acolyte |
| 19:01 | Burrow |
| 19:16 | Crypt Fiend |
| 19:20 | Frost Wyrm |
| 19:58 | Frost Wyrm |
| 19:59 | Crypt Fiend |
| 20:01 | Improved Creature Carapace |
| 20:32 | Death Coil |
| 20:53 | Crypt Fiend |
| 21:03 | Crypt |
| 21:09 | Meat Wagon |
| 22:43 | Frost Nova |
| 22:52 | Freezing Breath |
| 24:10 | Obsidian Statue |
| 24:12 | Advanced Creature Attack |
| 24:13 | Advanced Creature Carapace |
| 24:15 | Crypt Fiend |
| 25:01 | Obsidian Statue |
| 25:20 | Orb of Corruption |
| 25:26 | Potion of Healing |
| 25:36 | Obsidian Statue |
| 27:36 | Death Pact |
| 28:19 | Unholy Strength |
| 31:10 | Obsidian Statue |
| 32:28 | Obsidian Statue |
| 33:38 | Potion of Healing |
| 33:40 | Potion of Healing |
| 34:10 | Obsidian Statue |
| 34:45 | Potion of Healing |
| 34:47 | Sleep |
| 37:26 | Obsidian Statue |
| 42:53 | Death and Decay |
| 45:33 | Obsidian Statue |
| 50:21 | Exhume Corpses |
| 50:23 | Improved Unholy Strength |
| 50:26 | Acolyte |
| 50:26 | Acolyte |
| 50:26 | Acolyte |
| 50:27 | Acolyte |
| 50:57 | Vampiric Aura |
| 52:03 | Obsidian Statue |
| 57:42 | Potion of Healing |
| 57:43 | Potion of Mana |
| 59:14 | Potion of Healing |
| Right click | 2342 |
| Select group | 1400 |
| Select | 716 |
| Use ability | 194 |
| Misc. action | 193 |
| Build/train/purchase | 140 |
| Assign group | 61 |
| Resource trade | 32 |
| Minimap ping | 27 |
| Item give/drop | 5 |
| Remove unit | 1 |
95 units @ 10.8k
/ 1.2k
339 buildings @ 19.9k
/ 12.2k



| Lesser Clarity Potion | 2 | 140 |
| Staff of Sanctuary | 3 | 750 |
| Orb of Fire | 2 | 650 |
| Potion of Healing | 1 | 150 |
| Potion of Mana | 2 | 400 |
| Scroll of Town Portal | 2 | 700 |
| Healing Salve | 3 | 300 |
| Orb of Lightning | 1 | 375 |
| total: | 16 | 3465g |
| Peasant | 19 | 1425 | / | 0 |
| Dragonhawk Rider | 16 | 3200 | / | 480 |
| Priest | 1 | 135 | / | 10 |
| Gryphon Rider | 1 | 280 | / | 70 |
| total: | 37 | 5040g | / | 560w |
| Scout Tower | 85 | 2550 | / | 1700 |
| Arcane Tower | 7 | 490 | / | 350 |
| Guard Tower | 48 | 3360 | / | 2400 |
| Altar of Kings | 1 | 180 | / | 50 |
| Farm | 5 | 400 | / | 100 |
| Lumber Mill | 1 | 120 | / | 0 |
| Arcane Vault | 2 | 260 | / | 60 |
| Town Hall | 3 | 1155 | / | 615 |
| Blacksmith | 1 | 140 | / | 60 |
| Barracks | 1 | 160 | / | 60 |
| Gryphon Aviary | 1 | 140 | / | 150 |
| Arcane Sanctum | 1 | 150 | / | 140 |
| Keep | 1 | 320 | / | 210 |
| Castle | 1 | 360 | / | 210 |
| total: | 101 | 5255g | / | 2935w |
| 0:02 | Peasant |
| 0:02 | Peasant |
| 0:07 | Altar of Kings |
| 0:15 | Peasant |
| 0:19 | Farm |
| 0:21 | Peasant |
| 0:30 | Peasant |
| 0:37 | Farm |
| 0:46 | Peasant |
| 1:00 | Peasant |
| 1:05 | Lumber Mill |
| 1:11 | Peasant |
| 1:22 | Scout Tower |
| 1:31 | Peasant |
| 1:41 | Scout Tower |
| 1:50 | Arcane Tower |
| 1:51 | Scout Tower |
| 1:53 | Peasant |
| 1:53 | Peasant |
| 1:53 | Peasant |
| 2:06 | Blizzard |
| 2:15 | Guard Tower |
| 2:25 | Guard Tower |
| 2:44 | Scout Tower |
| 2:45 | Scout Tower |
| 3:13 | Guard Tower |
| 3:15 | Scout Tower |
| 3:16 | Scout Tower |
| 3:16 | Scout Tower |
| 3:17 | Scout Tower |
| 3:19 | Peasant |
| 3:19 | Peasant |
| 3:22 | Improved Masonry |
| 3:59 | Arcane Vault |
| 4:01 | Arcane Vault |
| 4:07 | Keep |
| 4:17 | Guard Tower |
| 4:19 | Guard Tower |
| 5:03 | Brilliance Aura |
| 5:09 | Farm |
| 5:10 | Farm |
| 5:27 | Guard Tower |
| 5:28 | Guard Tower |
| 5:29 | Scout Tower |
| 5:30 | Scout Tower |
| 5:31 | Scout Tower |
| 5:31 | Scout Tower |
| 5:59 | Scout Tower |
| 5:59 | Scout Tower |
| 6:00 | Scout Tower |
| 6:01 | Scout Tower |
| 6:38 | Guard Tower |
| 6:38 | Guard Tower |
| 6:39 | Arcane Tower |
| 6:41 | Guard Tower |
| 6:43 | Scout Tower |
| 6:43 | Scout Tower |
| 6:44 | Scout Tower |
| 6:45 | Scout Tower |
| 6:45 | Scout Tower |
| 6:46 | Scout Tower |
| 6:53 | Healing Salve |
| 7:04 | Guard Tower |
| 7:21 | Guard Tower |
| 7:21 | Guard Tower |
| 7:42 | Blizzard |
| 7:46 | Guard Tower |
| 7:50 | Scout Tower |
| 8:03 | Storm Bolt |
| 8:13 | Scout Tower |
| 8:13 | Scout Tower |
| 8:14 | Scout Tower |
| 8:26 | Town Hall |
| 8:29 | Scout Tower |
| 8:30 | Scout Tower |
| 8:30 | Scout Tower |
| 8:30 | Scout Tower |
| 8:31 | Scout Tower |
| 8:31 | Scout Tower |
| 9:07 | Guard Tower |
| 9:35 | Healing Salve |
| 9:37 | Lesser Clarity Potion |
| 9:37 | Lesser Clarity Potion |
| 10:04 | Guard Tower |
| 10:06 | Scout Tower |
| 10:06 | Scout Tower |
| 10:06 | Scout Tower |
| 10:07 | Scout Tower |
| 10:07 | Scout Tower |
| 10:25 | Castle |
| 10:29 | Scout Tower |
| 10:30 | Scout Tower |
| 10:31 | Scout Tower |
| 10:31 | Scout Tower |
| 10:43 | Guard Tower |
| 10:45 | Advanced Masonry |
| 10:46 | Improved Lumber Harvesting |
| 10:51 | Bash |
| 11:43 | Healing Salve |
| 11:46 | Orb of Lightning |
| 11:53 | Guard Tower |
| 11:54 | Guard Tower |
| 12:08 | Guard Tower |
| 12:42 | Town Hall |
| 13:13 | Guard Tower |
| 13:13 | Guard Tower |
| 14:14 | Staff of Sanctuary |
| 14:26 | Peasant |
| 14:34 | Staff of Sanctuary |
| 14:40 | Arcane Tower |
| 14:41 | Holy Light |
| 14:50 | Peasant |
| 14:54 | Imbued Masonry |
| 15:41 | Gryphon Aviary |
| 15:44 | Blacksmith |
| 15:45 | Barracks |
| 15:48 | Scout Tower |
| 15:49 | Scout Tower |
| 15:49 | Scout Tower |
| 15:49 | Scout Tower |
| 15:50 | Scout Tower |
| 15:50 | Scout Tower |
| 16:04 | Orb of Fire |
| 16:09 | Orb of Fire |
| 16:33 | Peasant |
| 16:33 | Peasant |
| 16:39 | Scout Tower |
| 16:40 | Scout Tower |
| 16:40 | Scout Tower |
| 16:42 | Peasant |
| 16:56 | Staff of Sanctuary |
| 17:15 | Advanced Lumber Harvesting |
| 17:24 | Guard Tower |
| 17:25 | Guard Tower |
| 17:28 | Scout Tower |
| 17:33 | Scout Tower |
| 17:34 | Scout Tower |
| 17:34 | Scout Tower |
| 17:34 | Scout Tower |
| 17:35 | Scout Tower |
| 17:42 | Studded Leather Armor |
| 17:43 | Dragonhawk Rider |
| 17:44 | Dragonhawk Rider |
| 17:44 | Dragonhawk Rider |
| 17:46 | Dragonhawk Rider |
| 19:03 | Brilliance Aura |
| 20:00 | Guard Tower |
| 20:39 | Arcane Sanctum |
| 20:45 | Divine Shield |
| 20:55 | Storm Bolt |
| 22:36 | Dragonhawk Rider |
| 22:36 | Dragonhawk Rider |
| 22:36 | Dragonhawk Rider |
| 22:37 | Dragonhawk Rider |
| 22:51 | Potion of Healing |
| 23:28 | Potion of Mana |
| 23:28 | Potion of Mana |
| 24:10 | Town Hall |
| 24:17 | Scout Tower |
| 24:18 | Scout Tower |
| 25:04 | Magic Sentry |
| 25:04 | Priest |
| 25:13 | Farm |
| 25:13 | Reinforced Leather Armor |
| 25:14 | Animal War Training |
| 25:36 | Arcane Tower |
| 25:41 | Scout Tower |
| 25:42 | Scout Tower |
| 25:42 | Scout Tower |
| 25:43 | Scout Tower |
| 25:43 | Scout Tower |
| 25:44 | Scout Tower |
| 26:20 | Dragonhawk Rider |
| 26:21 | Dragonhawk Rider |
| 27:18 | Holy Light |
| 27:45 | Dragonhide Armor |
| 27:46 | Iron Forged Swords |
| 27:47 | Dragonhawk Rider |
| 27:55 | Guard Tower |
| 27:56 | Guard Tower |
| 27:56 | Guard Tower |
| 28:12 | Guard Tower |
| 28:15 | Cloud |
| 29:36 | Bash |
| 30:25 | Arcane Tower |
| 30:26 | Dragonhawk Rider |
| 30:39 | Scout Tower |
| 30:39 | Scout Tower |
| 30:39 | Scout Tower |
| 30:40 | Scout Tower |
| 30:40 | Scout Tower |
| 30:40 | Scout Tower |
| 30:44 | Scout Tower |
| 30:45 | Scout Tower |
| 30:45 | Scout Tower |
| 30:46 | Scout Tower |
| 30:46 | Scout Tower |
| 30:46 | Scout Tower |
| 30:47 | Scout Tower |
| 30:47 | Scout Tower |
| 30:48 | Scout Tower |
| 30:48 | Scout Tower |
| 30:52 | Steel Forged Swords |
| 32:29 | Guard Tower |
| 33:01 | Guard Tower |
| 33:36 | Guard Tower |
| 33:36 | Guard Tower |
| 33:46 | Guard Tower |
| 33:48 | Scout Tower |
| 33:48 | Scout Tower |
| 33:49 | Scout Tower |
| 33:49 | Scout Tower |
| 33:52 | Mithril Forged Swords |
| 35:07 | Guard Tower |
| 35:24 | Backpack |
| 37:20 | Divine Shield |
| 38:07 | Brilliance Aura |
| 38:36 | Scroll of Town Portal |
| 47:05 | Storm Bolt |
| 50:19 | Scroll of Town Portal |
| 50:40 | Gryphon Rider |
| 50:42 | Storm Hammers |
| 50:42 | Dragonhawk Rider |
| 50:42 | Dragonhawk Rider |
| 50:42 | Dragonhawk Rider |
| 50:43 | Dragonhawk Rider |
| 53:23 | Holy Light |
| Right click | 7508 |
| Select | 1514 |
| Select group | 1242 |
| Use ability | 299 |
| Build/train/purchase | 296 |
| Chat | 99 |
| Resource trade | 46 |
| Assign group | 22 |
| Minimap ping | 20 |
| Misc. action | 11 |
| Item give/drop | 6 |
| Remove unit | 2 |
iggythefisk
(60:27) : 


| Scroll of Regeneration | 3 | 300 |
| Lesser Clarity Potion | 7 | 490 |
| Staff of Sanctuary | 5 | 1250 |
| Orb of Fire | 1 | 325 |
| Potion of Healing | 19 | 2850 |
| Healing Salve | 2 | 200 |
| Orb of Lightning | 2 | 750 |
| total: | 39 | 6165g |
| Peasant | 27 | 2025 | / | 0 |
| Priest | 2 | 270 | / | 20 |
| total: | 29 | 2295g | / | 20w |
| Scout Tower | 160 | 4800 | / | 3200 |
| Arcane Tower | 15 | 1050 | / | 750 |
| Guard Tower | 63 | 4410 | / | 3150 |
| Altar of Kings | 1 | 180 | / | 50 |
| Lumber Mill | 1 | 120 | / | 0 |
| Farm | 5 | 400 | / | 100 |
| Arcane Vault | 2 | 260 | / | 60 |
| Town Hall | 2 | 770 | / | 410 |
| Arcane Sanctum | 1 | 150 | / | 140 |
| Keep | 1 | 320 | / | 210 |
| Castle | 1 | 360 | / | 210 |
| total: | 172 | 6680g | / | 3960w |
| 0:01 | Peasant |
| 0:03 | Altar of Kings |
| 0:06 | Peasant |
| 0:11 | Peasant |
| 0:34 | Lumber Mill |
| 0:36 | Peasant |
| 0:38 | Farm |
| 0:56 | Scout Tower |
| 0:58 | Peasant |
| 1:06 | Farm |
| 1:13 | Peasant |
| 1:15 | Scout Tower |
| 1:21 | Peasant |
| 1:29 | Peasant |
| 1:43 | Peasant |
| 1:54 | Arcane Tower |
| 1:56 | Peasant |
| 2:01 | Arcane Tower |
| 2:09 | Peasant |
| 2:17 | Scout Tower |
| 2:19 | Scout Tower |
| 2:24 | Blizzard |
| 2:31 | Improved Masonry |
| 2:51 | Peasant |
| 2:52 | Peasant |
| 3:04 | Brilliance Aura |
| 3:07 | Peasant |
| 3:25 | Scout Tower |
| 3:27 | Scout Tower |
| 4:11 | Keep |
| 4:15 | Arcane Vault |
| 4:22 | Guard Tower |
| 4:23 | Scout Tower |
| 4:26 | Scout Tower |
| 4:30 | Arcane Tower |
| 4:34 | Scout Tower |
| 4:36 | Guard Tower |
| 4:51 | Guard Tower |
| 4:52 | Scout Tower |
| 5:02 | Guard Tower |
| 5:06 | Scout Tower |
| 5:16 | Scroll of Regeneration |
| 5:23 | Scout Tower |
| 5:30 | Scout Tower |
| 5:41 | Scout Tower |
| 5:41 | Guard Tower |
| 5:45 | Guard Tower |
| 5:59 | Farm |
| 6:08 | Guard Tower |
| 6:09 | Scout Tower |
| 6:13 | Healing Salve |
| 6:21 | Guard Tower |
| 6:22 | Scout Tower |
| 6:23 | Scout Tower |
| 6:24 | Arcane Tower |
| 6:54 | Blizzard |
| 7:21 | Guard Tower |
| 7:21 | Scout Tower |
| 7:23 | Guard Tower |
| 8:10 | Flame Strike |
| 8:50 | Advanced Masonry |
| 8:52 | Castle |
| 9:01 | Guard Tower |
| 9:03 | Scout Tower |
| 9:03 | Scout Tower |
| 9:06 | Improved Lumber Harvesting |
| 9:23 | Scout Tower |
| 9:23 | Scout Tower |
| 9:45 | Arcane Sanctum |
| 9:48 | Scout Tower |
| 9:49 | Scout Tower |
| 10:33 | Guard Tower |
| 10:35 | Scout Tower |
| 10:36 | Scout Tower |
| 10:47 | Guard Tower |
| 10:49 | Scout Tower |
| 10:50 | Scout Tower |
| 11:00 | Magic Sentry |
| 11:03 | Farm |
| 11:09 | Guard Tower |
| 11:39 | Guard Tower |
| 11:49 | Guard Tower |
| 11:54 | Lesser Clarity Potion |
| 11:57 | Scout Tower |
| 11:57 | Scout Tower |
| 12:02 | Town Hall |
| 12:06 | Scout Tower |
| 12:06 | Scout Tower |
| 12:08 | Peasant |
| 12:08 | Peasant |
| 12:08 | Peasant |
| 12:17 | Imbued Masonry |
| 12:20 | Advanced Lumber Harvesting |
| 12:59 | Priest Adept Training |
| 12:59 | Priest |
| 13:18 | Guard Tower |
| 13:19 | Scout Tower |
| 13:21 | Arcane Tower |
| 13:22 | Guard Tower |
| 13:23 | Scout Tower |
| 13:23 | Scout Tower |
| 13:44 | Siphon Mana |
| 14:04 | Guard Tower |
| 14:05 | Scout Tower |
| 14:07 | Scout Tower |
| 14:24 | Guard Tower |
| 14:25 | Scout Tower |
| 14:26 | Scout Tower |
| 14:33 | Farm |
| 14:46 | Brilliance Aura |
| 15:00 | Arcane Tower |
| 15:03 | Guard Tower |
| 15:04 | Scout Tower |
| 15:16 | Rain of Fire |
| 15:18 | Arcane Vault |
| 15:39 | Scout Tower |
| 15:40 | Scout Tower |
| 15:41 | Guard Tower |
| 15:42 | Guard Tower |
| 15:43 | Scout Tower |
| 15:43 | Peasant |
| 15:44 | Peasant |
| 15:44 | Peasant |
| 15:49 | Peasant |
| 17:05 | Staff of Sanctuary |
| 17:12 | Guard Tower |
| 17:16 | Scout Tower |
| 17:17 | Scout Tower |
| 17:18 | Guard Tower |
| 17:21 | Guard Tower |
| 17:24 | Scout Tower |
| 17:25 | Scout Tower |
| 17:29 | Scout Tower |
| 17:29 | Scout Tower |
| 17:33 | Scout Tower |
| 17:34 | Scout Tower |
| 17:47 | Staff of Sanctuary |
| 17:56 | Staff of Sanctuary |
| 17:56 | Staff of Sanctuary |
| 17:56 | Staff of Sanctuary |
| 18:17 | Guard Tower |
| 18:46 | Peasant |
| 18:46 | Peasant |
| 18:46 | Peasant |
| 18:54 | Scout Tower |
| 18:55 | Scout Tower |
| 18:56 | Scout Tower |
| 18:56 | Scout Tower |
| 18:59 | Orb of Lightning |
| 19:05 | Lesser Clarity Potion |
| 19:34 | Scout Tower |
| 19:35 | Scout Tower |
| 19:39 | Guard Tower |
| 19:40 | Scout Tower |
| 19:41 | Scout Tower |
| 19:42 | Scout Tower |
| 19:42 | Scout Tower |
| 19:43 | Guard Tower |
| 19:44 | Scout Tower |
| 19:46 | Scout Tower |
| 19:51 | Priest |
| 19:57 | Arcane Tower |
| 20:03 | Orb of Fire |
| 20:15 | Guard Tower |
| 20:17 | Scout Tower |
| 20:17 | Scout Tower |
| 20:18 | Scout Tower |
| 20:18 | Scout Tower |
| 20:20 | Scout Tower |
| 20:21 | Scout Tower |
| 20:21 | Scout Tower |
| 20:38 | Guard Tower |
| 20:41 | Scout Tower |
| 20:42 | Scout Tower |
| 20:57 | Guard Tower |
| 20:59 | Scout Tower |
| 21:00 | Scout Tower |
| 21:06 | Flame Strike |
| 21:29 | Potion of Healing |
| 21:29 | Potion of Healing |
| 21:35 | Guard Tower |
| 21:40 | Guard Tower |
| 21:47 | Scroll of Regeneration |
| 21:54 | Scout Tower |
| 21:58 | Potion of Healing |
| 22:05 | Guard Tower |
| 22:09 | Scroll of Regeneration |
| 22:30 | Scout Tower |
| 22:30 | Scout Tower |
| 22:31 | Scout Tower |
| 22:39 | Potion of Healing |
| 22:41 | Potion of Healing |
| 23:11 | Guard Tower |
| 23:12 | Scout Tower |
| 23:22 | Potion of Healing |
| 23:22 | Potion of Healing |
| 23:34 | Scout Tower |
| 23:34 | Scout Tower |
| 23:36 | Peasant |
| 23:37 | Peasant |
| 23:48 | Potion of Healing |
| 23:53 | Guard Tower |
| 24:04 | Scout Tower |
| 24:35 | Guard Tower |
| 24:50 | Cleaving Attack |
| 24:52 | Town Hall |
| 25:00 | Guard Tower |
| 25:03 | Guard Tower |
| 25:04 | Scout Tower |
| 25:05 | Scout Tower |
| 25:05 | Scout Tower |
| 25:06 | Scout Tower |
| 25:11 | Scout Tower |
| 25:12 | Scout Tower |
| 25:12 | Scout Tower |
| 25:16 | Peasant |
| 25:21 | Healing Salve |
| 25:28 | Orb of Lightning |
| 25:34 | Scout Tower |
| 25:35 | Scout Tower |
| 25:40 | Priest Master Training |
| 25:45 | Scout Tower |
| 25:46 | Scout Tower |
| 26:22 | Scout Tower |
| 26:23 | Scout Tower |
| 26:38 | Blizzard |
| 26:53 | Guard Tower |
| 26:54 | Guard Tower |
| 26:55 | Scout Tower |
| 26:56 | Scout Tower |
| 26:58 | Scout Tower |
| 26:59 | Scout Tower |
| 27:37 | Lesser Clarity Potion |
| 27:40 | Lesser Clarity Potion |
| 27:43 | Scout Tower |
| 27:44 | Scout Tower |
| 27:44 | Guard Tower |
| 27:47 | Scout Tower |
| 27:48 | Scout Tower |
| 28:09 | Lesser Clarity Potion |
| 28:12 | Potion of Healing |
| 28:14 | Potion of Healing |
| 28:16 | Potion of Healing |
| 28:29 | Scout Tower |
| 28:29 | Guard Tower |
| 28:33 | Guard Tower |
| 30:19 | Siphon Mana |
| 30:33 | Guard Tower |
| 30:36 | Scout Tower |
| 30:37 | Scout Tower |
| 30:43 | Guard Tower |
| 30:45 | Scout Tower |
| 30:46 | Scout Tower |
| 30:46 | Scout Tower |
| 30:47 | Scout Tower |
| 30:47 | Scout Tower |
| 30:48 | Scout Tower |
| 30:53 | Scout Tower |
| 30:54 | Scout Tower |
| 30:55 | Scout Tower |
| 30:55 | Scout Tower |
| 30:56 | Scout Tower |
| 30:56 | Scout Tower |
| 30:57 | Scout Tower |
| 30:57 | Scout Tower |
| 30:58 | Scout Tower |
| 31:00 | Scout Tower |
| 31:01 | Scout Tower |
| 32:23 | Guard Tower |
| 32:25 | Scout Tower |
| 32:25 | Scout Tower |
| 32:27 | Guard Tower |
| 32:28 | Scout Tower |
| 32:29 | Scout Tower |
| 32:40 | Scout Tower |
| 32:41 | Scout Tower |
| 32:52 | Guard Tower |
| 32:58 | Potion of Healing |
| 32:58 | Potion of Healing |
| 33:02 | Potion of Healing |
| 33:02 | Potion of Healing |
| 33:07 | Guard Tower |
| 33:11 | Guard Tower |
| 33:21 | Guard Tower |
| 33:22 | Scout Tower |
| 33:23 | Scout Tower |
| 33:43 | Lesser Clarity Potion |
| 33:46 | Potion of Healing |
| 33:46 | Potion of Healing |
| 33:51 | Guard Tower |
| 34:43 | Guard Tower |
| 34:57 | Guard Tower |
| 34:59 | Scout Tower |
| 35:08 | Scout Tower |
| 35:09 | Scout Tower |
| 35:09 | Scout Tower |
| 35:10 | Scout Tower |
| 35:37 | Rain of Fire |
| 36:26 | Guard Tower |
| 37:31 | Guard Tower |
| 37:33 | Scout Tower |
| 37:35 | Scout Tower |
| 37:35 | Scout Tower |
| 37:36 | Scout Tower |
| 37:36 | Scout Tower |
| 38:36 | Guard Tower |
| 38:48 | Arcane Tower |
| 47:33 | Brilliance Aura |
| 47:43 | Scout Tower |
| 48:45 | Potion of Healing |
| 48:45 | Potion of Healing |
| 48:52 | Guard Tower |
| 48:53 | Scout Tower |
| 48:54 | Scout Tower |
| 50:09 | Lesser Clarity Potion |
| 50:50 | Scout Tower |
| 50:51 | Scout Tower |
| 50:52 | Scout Tower |
| 50:53 | Guard Tower |
| 52:28 | Guard Tower |
| 52:30 | Scout Tower |
| 53:02 | Cleaving Attack |
| 53:10 | Arcane Tower |
| 53:12 | Scout Tower |
| 53:13 | Scout Tower |
| 53:13 | Scout Tower |
| 53:14 | Scout Tower |
| 53:14 | Scout Tower |
| 53:14 | Scout Tower |
| 53:15 | Scout Tower |
| 53:15 | Scout Tower |
| 54:19 | Scout Tower |
| 54:20 | Scout Tower |
| 54:21 | Scout Tower |
| 54:22 | Scout Tower |
| 54:37 | Arcane Tower |
| 55:06 | Flame Strike |
| 56:04 | Arcane Tower |
| 56:08 | Arcane Tower |
| 57:16 | Arcane Tower |
| Right click | 5002 |
| Select group | 3932 |
| Select | 741 |
| Assign group | 465 |
| Use ability | 376 |
| Build/train/purchase | 286 |
| Chat | 229 |
| Misc. action | 26 |
| Resource trade | 20 |
| Minimap ping | 4 |
| Item give/drop | 1 |



| Healing Salve | 2 | 200 |
| Orb of Lightning | 3 | 1125 |
| Staff of Sanctuary | 3 | 750 |
| Scroll of Regeneration | 2 | 200 |
| total: | 10 | 2275g |
| Peon | 13 | 975 | / | 0 |
| Troll Batrider | 12 | 1920 | / | 480 |
| Spirit Walker | 1 | 195 | / | 35 |
| Shaman | 1 | 130 | / | 20 |
| Troll Witch Doctor | 2 | 290 | / | 50 |
| total: | 29 | 3510g | / | 585w |
| Watch Tower | 48 | 5280 | / | 3840 |
| Altar of Storms | 1 | 180 | / | 50 |
| Orc Burrow | 4 | 640 | / | 160 |
| War Mill | 1 | 205 | / | 0 |
| Voodoo Lounge | 4 | 520 | / | 120 |
| Beastiary | 6 | 870 | / | 840 |
| Spirit Lodge | 1 | 150 | / | 150 |
| Tauren Totem | 1 | 135 | / | 155 |
| Stronghold | 1 | 315 | / | 190 |
| Fortress | 1 | 325 | / | 190 |
| total: | 66 | 7980g | / | 5315w |
| 0:01 | Peon |
| 0:07 | Altar of Storms |
| 0:11 | Peon |
| 0:17 | Orc Burrow |
| 0:28 | Peon |
| 0:39 | Peon |
| 0:53 | Peon |
| 1:05 | War Mill |
| 1:07 | Peon |
| 1:26 | Peon |
| 1:38 | Peon |
| 1:44 | Orc Burrow |
| 1:58 | Peon |
| 2:18 | Wind Walk |
| 2:19 | Watch Tower |
| 2:30 | Peon |
| 2:34 | Watch Tower |
| 3:21 | Watch Tower |
| 3:25 | Stronghold |
| 3:57 | Watch Tower |
| 3:59 | Watch Tower |
| 4:26 | Spiked Barricades |
| 4:37 | Voodoo Lounge |
| 4:39 | Voodoo Lounge |
| 5:03 | Watch Tower |
| 5:26 | Watch Tower |
| 5:29 | Watch Tower |
| 5:52 | Critical Strike |
| 6:03 | Watch Tower |
| 6:05 | Peon |
| 6:05 | Peon |
| 6:32 | Watch Tower |
| 6:44 | War Stomp |
| 7:05 | Peon |
| 7:38 | Fortress |
| 7:48 | Watch Tower |
| 8:01 | Beastiary |
| 8:05 | Spirit Lodge |
| 8:16 | Healing Salve |
| 8:26 | Orc Burrow |
| 8:30 | Watch Tower |
| 9:03 | Endurance Aura |
| 10:21 | Shaman Adept Training |
| 10:29 | Reinforced Defenses |
| 10:34 | Tauren Totem |
| 10:48 | Watch Tower |
| 10:57 | Shaman Master Training |
| 11:02 | Witch Doctor Adept Training |
| 11:56 | Spirit Walker Adept Training |
| 11:59 | Watch Tower |
| 12:08 | Staff of Sanctuary |
| 12:29 | Orc Burrow |
| 13:15 | Watch Tower |
| 13:23 | Healing Wave |
| 14:09 | Spirit Walker Master Training |
| 15:12 | Wind Walk |
| 15:20 | Watch Tower |
| 15:26 | Troll Batrider |
| 15:26 | Troll Batrider |
| 15:27 | Troll Batrider |
| 15:30 | Spirit Walker |
| 15:32 | Shaman |
| 15:38 | Orb of Lightning |
| 15:39 | Healing Salve |
| 16:18 | Beastiary |
| 16:25 | Watch Tower |
| 16:27 | Watch Tower |
| 16:37 | Troll Batrider |
| 16:46 | Witch Doctor Master Training |
| 17:07 | Beastiary |
| 17:39 | Watch Tower |
| 17:43 | Watch Tower |
| 18:26 | Troll Batrider |
| 19:10 | Scroll of Regeneration |
| 19:14 | Staff of Sanctuary |
| 19:25 | Orb of Lightning |
| 20:06 | War Stomp |
| 20:11 | Watch Tower |
| 20:13 | Watch Tower |
| 20:23 | Troll Batrider |
| 21:02 | Watch Tower |
| 21:17 | Beastiary |
| 21:18 | Beastiary |
| 21:21 | Beastiary |
| 22:29 | Troll Batrider |
| 23:22 | Hex |
| 23:30 | Scroll of Regeneration |
| 24:25 | Staff of Sanctuary |
| 24:39 | Troll Batrider |
| 25:36 | Watch Tower |
| 25:40 | Watch Tower |
| 25:40 | Watch Tower |
| 25:41 | Watch Tower |
| 25:42 | Watch Tower |
| 25:43 | Watch Tower |
| 25:44 | Watch Tower |
| 25:44 | Watch Tower |
| 25:45 | Watch Tower |
| 26:59 | Troll Witch Doctor |
| 27:07 | Critical Strike |
| 28:23 | Watch Tower |
| 28:24 | Watch Tower |
| 28:25 | Watch Tower |
| 28:25 | Watch Tower |
| 28:57 | Hex |
| 28:57 | Hex |
| 30:06 | Endurance Aura |
| 30:46 | Watch Tower |
| 31:01 | Watch Tower |
| 31:01 | Watch Tower |
| 31:02 | Watch Tower |
| 31:02 | Watch Tower |
| 32:59 | Troll Batrider |
| 33:21 | Watch Tower |
| 36:18 | Watch Tower |
| 36:34 | Healing Wave |
| 37:31 | Troll Batrider |
| 38:10 | Watch Tower |
| 41:18 | Watch Tower |
| 43:26 | Watch Tower |
| 43:27 | Watch Tower |
| 43:28 | Watch Tower |
| 45:51 | Troll Witch Doctor |
| 46:14 | Troll Batrider |
| 49:55 | Wind Walk |
| 50:20 | Voodoo Lounge |
| 50:40 | Voodoo Lounge |
| 51:51 | War Stomp |
| 52:22 | Troll Batrider |
| 52:37 | Orb of Lightning |
| 56:27 | Hex |
| Right click | 4702 |
| Select group | 1453 |
| Select | 1413 |
| Assign group | 252 |
| Build/train/purchase | 241 |
| Use ability | 175 |
| Chat | 50 |
| Minimap ping | 18 |
| Misc. action | 5 |
| Remove unit | 4 |
| Item give/drop | 2 |